 Dungeon Crawl Stone Soup version 0.22-b1-59-g0aedee7 (webtiles) character file.

71 Doobh the Bolt Thrower (level 4, -1/27 HPs)
             Began as a Kobold Hunter on Aug 9, 2018.
             Slain by a centaur (8 damage)
             ... on level 2 of the Dungeon.
             The game lasted 00:03:30 (1257 turns).

Doobh the Bolt Thrower (Kobold Hunter)              Turns: 1257, Time: 00:03:30

Health: -1/27      AC:  3    Str:  9    XL:     4   Next: 47%
Magic:  4/4        EV: 15    Int: 12    God:
Gold:   122        SH:  0    Dex: 16    Spells: 3/3 levels left

rFire    . . .     SeeInvis .   b - +0 short sword
rCold    . . .     Gourm    .   (shield restricted)
rNeg     . . .     Faith    .   c - +0 leather armour
rPois    .         Spirit   .   (no helmet)
rElec    .         Reflect  .   (no cloak)
rCorr    .         Harm     .   (no gloves)
MR       .....                  (no boots)
Stlth    ++........             (no amulet)
HPRegen  0.09/turn              (no ring)
MPRegen  0.09/turn              (no ring)

@: no status effects
A: small, carnivore
a: no special abilities


You were on level 2 of the Dungeon.
You were full.

You visited 1 branch of the dungeon, and saw 3 of its levels.

You collected 122 gold pieces.

Inventory:

Hand Weapons
 a - a +1 hand crossbow
 b - a +0 short sword (weapon)
Missiles
 d - 28 bolts
Armour
 c - a +0 leather armour (worn)
Jewellery
 i - a +5 ring of protection {unknown}
Scrolls
 e - 4 scrolls of identify {unknown}
 h - 2 scrolls of remove curse {unknown}
 l - 2 scrolls of random uselessness {unknown}
 n - a scroll of fear {unknown}
Potions
 g - a potion of brilliance {unknown}
 j - a potion of heal wounds {unknown}
 k - a potion of invisibility {unknown}
 m - a potion of curing {unknown}
Comestibles
 f - 5 rations


   Skills:
 + Level 2.8 Fighting
 + Level 1.1 Short Blades
 * Level 5.6 Crossbows
 + Level 3.1 Dodging
 + Level 2.7 Stealth


You had 3 spell levels left.
You didn't know any spells.
Your spell library was empty.

Dungeon Overview and Level Annotations

Branches:
Dungeon (3/15)

Altars:


Innate Abilities, Weirdness & Mutations

You are small and have problems with some larger weapons.
You are carnivorous and can eat meat at any time.


Message History

Aim: a centaur (moderately wounded)
You shoot a bolt. The bolt closely misses the centaur.
The centaur closely misses you.
The centaur hits you but does no damage.
Wield which item (- for none, * to show all)? (? for menu, Esc to quit)
b - a +0 short sword (weapon)
The centaur hits you.
* * * LOW HITPOINT WARNING * * *
You hit the centaur.
The centaur is heavily wounded.
The centaur hits you.
* * * LOW HITPOINT WARNING * * *
The centaur barely misses you.
You hit the centaur.
The centaur is severely wounded.
The centaur misses you.
You hit the centaur.
The centaur is severely wounded.
The centaur misses you. The centaur hits you!
You die...

#......### #....###.....[.##
###.###### #....##.........#
....# ##.#.....>.......# #####
###..#.###.........# ###
##..(....##.........# ..#####
##.(......[#.........#
#.....#####...................##
#####.....#....c...............#
#####.......@..............#
####...........#..........#
#....#......(..##.........#
####.####(........##.........#
#....###..........##........##
#.####..........<.####..)..##
###.#....##.........####.#####
......#####...............#
...#### ##.......#####..#


You could see a centaur.

Vanquished Creatures
  2 adders (D:2)
  An ooze (D:2)
  2 worms (D:2)
  A dart slug (D:1)
  3 leopard geckos
  A ball python (D:1)
  2 giant cockroaches (D:2)
  5 goblins (D:1)
  5 hobgoblins
  2 kobolds (D:1)
  8 bats
  6 rats
38 creatures vanquished.

Notes
Turn   | Place    | Note
-------+----------+-------------------------------------------
     0 | D:1      | Doobh the Kobold Hunter began the quest for the Orb.
     0 | D:1      | Reached XP level 1. HP: 12/12 MP: 1/1
    55 | D:1      | Reached skill level 5 in Crossbows
    55 | D:1      | Reached XP level 2. HP: 16/18 MP: 2/2
   403 | D:1      | Reached XP level 3. HP: 22/22 MP: 3/3
   918 | D:2      | Reached XP level 4. HP: 27/27 MP: 4/4
   935 | D:2      | Reached skill level 1 in Short Blades
  1247 | D:3      | Noticed a centaur
  1257 | D:2      | Slain by a centaur

Skill      XL: |  1  2  3  4 |
---------------+-------------+-----
Crossbows      | 5 |  5.6
Stealth        | 2 |  2.7
Dodging        | 3 |  3.1
Short Blades   | 1 |  1.1
Fighting       | |  2.8

Action                   |  1- 3 |  4- 6 || total
-------------------------+-------+-------++-------
Melee: Short sword       |    27 |     3 ||    30
 Fire: Hand crossbow     |    60 |    21 ||    81
  Eat: Chunk             |     6 |       ||     6
Armor: Leather armour    |     7 |     1 ||     8
Dodge: Dodged            |    41 |     7 ||    48
